AoeStats
← 江 小田

African Clearing

510288303Analyzed
4v4 RM · 1d ago on Sep 30, 2026· 31m 53s· 8 players
Game mode
Random Map
Map size
Large (8 player)
Population
200
Speed
Normal
Resources
Standard
Victory
Conquest
Starting age
Dark Age
Ending age
Imperial Age
RankedLock teamsTeams togetherTeam positionsShared explorationLock speedFull tech treeHidden civsTurbo modeCheats
Victory
Defeat
🇹🇼 Huns · Taiwan
1022
+16
🇨🇳 Berbers · China
997
+17
🇩🇪 Spanish · Germany
989
+18
🇨🇳 Maya · China
920
+21
🇨🇳 Maya · China
1070
-20
🇨🇳 Spanish · China
1045
-19
🇨🇳 Berbers · China
991
-17
984
-16
moresky
5:52 Loom
12:52 Feudal Age
13:32 Double-Bit Axe
18:46 Castle Age
18:47 Wheelbarrow
18:58 Gold Mining
20:05 Husbandry
21:18 Horse Collar
25:07 Bloodlines
jphilkill
4:37 Loom
15:58 Feudal Age
17:09 Double-Bit Axe
20:10 Castle Age
19:21 Stone Mining
19:23 Gold Mining
19:15 Horse Collar
28:56 Wheelbarrow
32:02 Stone Shaft Mining
31:30 Heavy Plow
北賢龍
5:26 Loom
13:42 Feudal Age
17:38 Castle Age
16:21 Bloodlines
17:12 Scale Barding Armor
17:31 Double-Bit Axe
30:33 Wheelbarrow
江 小田
6:07 Loom
16:17 Feudal Age
17:07 Double-Bit Axe
22:14 Castle Age
20:48 Gold Mining
23:37 Scale Mail Armor
26:55 Chain Mail Armor
28:52 Horse Collar
洗心革面重新做人TownYan
14:32 Feudal Age
15:32 Double-Bit Axe
15:28 Horse Collar
18:39 Castle Age
18:01 Gold Mining
20:18 Bow Saw
22:33 Loom
25:19 Fletching
26:44 Ballistics
26:53 Bodkin Arrow
27:54 Husbandry
28:17 Thumb Ring
28:49 Bow Saw
30:07 Bloodlines
31:34 Wheelbarrow
从不压堡之人
14:27 Feudal Age
15:01 Double-Bit Axe
18:30 Castle Age
16:48 Horse Collar
17:29 Fletching
22:02 Wheelbarrow
21:48 Heavy Plow
22:05 Bow Saw
22:22 Loom
23:46 Bodkin Arrow
26:31 Ballistics
26:07 Gold Mining
27:53 Heavy Plow
28:53 Hand Cart
28:25 Town Watch
29:09 Husbandry
29:19 Bloodlines
30:24 Thumb Ring
我怕你审判长?
9:37 Loom
13:38 Feudal Age
14:10 Double-Bit Axe
17:36 Castle Age
18:52 Fletching
18:32 Crossbowman
19:27 Bow Saw
20:54 Bodkin Arrow
20:54 Horse Collar
22:57 Heavy Plow
24:15 Wheelbarrow
25:04 Stone Mining
25:05 Gold Mining
30:47 Imperial Age
28:29 Padded Archer Armor
28:51 Town Watch
29:39 Ballistics
30:11 Treadmill Crane
31:45 Bracer
32:47 Chemistry
31:09 Elite Plumed Archer
LLK是给
10:18 Loom
14:11 Feudal Age
14:43 Double-Bit Axe
15:46 Town Watch
18:45 Castle Age
18:38 Gold Mining
19:55 Bow Saw
21:00 Padded Archer Armor
25:07 Wheelbarrow
27:13 Stone Mining
29:23 Horse Collar
31:41 Heavy Plow
Connection lost

Rejoining the realm…

Still unreachable

The connection could not be restored.

Session expired

The server has moved on; the page needs a fresh start.